AoeStats
← JoshB

Golden Pit

510061182Analyzed
1v1 RM · 1d ago on Sep 29, 2026· 50m 13s· 2 players
Game mode
Random Map
Map size
Tiny (2 player)
Population
200
Speed
Normal
Resources
Standard
Victory
Conquest
Starting age
Dark Age
Ending age
Imperial Age
RankedLock teamsTeams togetherTeam positionsShared explorationLock speedFull tech treeHidden civsTurbo modeCheats
Victory
Defeat
🇬🇧 Cumans · United Kingdom
489
+16
🇷🇺 Goths · Russia
483
-16
UMMA KHAN
9:40 Loom
11:38 Feudal Age
12:55 Wheelbarrow
12:09 Double-Bit Axe
12:07 Horse Collar
13:22 Town Watch
21:14 Castle Age
22:12 Hand Cart
21:59 Heavy Plow
22:12 Bow Saw
27:24 Gold Mining
31:44 Stone Mining
34:30 Imperial Age
32:01 Town Patrol
32:50 Fervor
32:47 Scale Mail Armor
32:58 Forging
33:43 Stone Shaft Mining
33:59 Chain Mail Armor
35:54 Iron Casting
35:02 Capped Ram
37:18 Two-Man Saw
37:51 Blast Furnace
36:35 Pikeman
37:17 Squires
37:15 Halberdier
38:10 Elite Huskarl
40:12 Scale Barding Armor
40:08 Padded Archer Armor
39:59 Fletching
43:50 Masonry
43:36 Murder Holes
44:02 Ballistics
45:01 Architecture
46:53 Chemistry
47:29 Leather Archer Armor
47:10 Bodkin Arrow
47:36 Chain Barding Armor
48:46 Ring Archer Armor
JoshB
6:00 Loom
10:16 Feudal Age
11:24 Double-Bit Axe
15:45 Horse Collar
21:27 Castle Age
26:22 Stone Mining
26:28 Gold Mining
26:52 Bow Saw
32:20 Murder Holes
32:36 Masonry
32:47 Ballistics
37:59 Imperial Age
37:58 Wheelbarrow
38:01 Gold Shaft Mining
38:24 Bloodlines
38:25 Scale Barding Armor
38:31 Forging
39:05 Cuman Mercenaries
41:10 Padded Archer Armor
41:01 Fletching
41:39 Chain Barding Armor
41:54 Iron Casting
42:24 Cavalier
43:29 Leather Archer Armor
43:09 Bodkin Arrow
43:56 Plate Barding Armor
46:15 Two-Man Saw
44:52 Paladin
46:39 Blast Furnace
46:12 Ring Archer Armor
46:47 Chemistry
Connection lost

Rejoining the realm…

Still unreachable

The connection could not be restored.

Session expired

The server has moved on; the page needs a fresh start.